AoeStats
← Jinx

Nomad

510680963Analyzed
3v3 RM · 1d ago on Oct 2, 2026· 32m 19s· 6 players
Game mode
Random Map
Map size
210×210
Population
200
Speed
Normal
Resources
Standard
Victory
Conquest
Starting age
Dark Age
Ending age
Imperial Age
RankedLock teamsTeams togetherTeam positionsShared explorationLock speedFull tech treeHidden civsTurbo modeCheats
Victory
Defeat
🇲🇽 Burmese · Mexico
999
+15
🇲🇽 Georgians · Mexico
975
+16
🇨🇴 Vietnamese · Colombia
953
+16
🇲🇽 Poles · Mexico
975
-16
🇨🇴 Spanish · Colombia
967
-16
🇺🇸 Vietnamese · United States
960
-15
Jinx
5:42 Loom
14:06 Feudal Age
15:24 Wheelbarrow
14:36 Double-Bit Axe
15:06 Fishing Lines
15:44 Town Watch
18:16 Fletching
20:30 Castle Age
19:07 Stone Mining
19:07 Gold Mining
21:59 Bodkin Arrow
23:58 Scale Mail Armor
23:54 Gillnets
24:29 Bow Saw
24:14 Pikeman
25:57 Hand Cart
26:31 Forging
30:33 Stone Shaft Mining
30:04 Squires
30:24 Chain Mail Armor
SIayerSnake
17:44 Loom
17:47 Loom
19:35 Feudal Age
23:02 Double-Bit Axe
25:39 Castle Age
24:14 Scale Barding Armor
24:28 Forging
25:30 Bloodlines
27:53 Wheelbarrow
29:07 Stone Mining
juansrv
6:41 Loom
17:47 Feudal Age
18:18 Double-Bit Axe
23:48 Castle Age
24:58 Wheelbarrow
25:32 Bow Saw
25:15 Fishing Lines
Susheiro
9:56 Loom
11:45 Feudal Age
13:32 Double-Bit Axe
17:45 Castle Age
18:59 Town Watch
19:45 Fletching
20:27 Bodkin Arrow
27:17 Bow Saw
28:33 Fishing Lines
29:42 Forging
29:28 Gillnets
30:46 Bloodlines
30:38 Husbandry
31:54 Husbandry
32:57 Iron Casting
32:39 Scale Barding Armor
BP Charly
5:19 Loom
16:00 Feudal Age
20:16 Castle Age
20:24 Forging
20:19 Scale Barding Armor
21:08 Husbandry
21:19 Bloodlines
el_joker
5:44 Loom
13:33 Feudal Age
14:32 Double-Bit Axe
19:46 Castle Age
19:50 Fletching
20:00 Padded Archer Armor
20:26 Crossbowman
25:14 Wheelbarrow
24:47 Bodkin Arrow
26:01 Gold Mining
28:00 Leather Archer Armor
29:44 Ballistics
31:21 Thumb Ring
Connection lost

Rejoining the realm…

Still unreachable

The connection could not be restored.

Session expired

The server has moved on; the page needs a fresh start.